Map: 어비설 리프 - 래더

Players

jjakji

  • Race: Terran Terran
  • Spawn Location: 11:00

GuMiho - Winner!

  • Race: Terran Terran
  • Spawn Location: 5:00

Event: IEM XI Katowice - World Championship 2017

VOD

https://youtu.be/u-DjvcavPUY?t=2m12s

Description

Time

  • Played on: Feb. 28, 2017, 7:28 a.m.
  • Length: 6:46

All games in this series

Show
View Real Time Build Order
Export as new Build Order

jjakji Terran 

Build Orders: 1/1/1 

Get SALT Encoding   

  12  0:00  SCV  
  13  0:12  SCV  
  14  0:17  Supply Depot  
  14  0:24  SCV  
  14  0:28  Refinery  
  15  0:38  SCV  
  16  0:45  Barracks  
  16  0:50  SCV  
  16  0:55  Refinery  
  17  1:02  SCV  
  18  1:15  SCV  
  19  1:32  Reaper, Orbital Command  
  20  1:36  Factory  
  20  1:46  Supply Depot  
  20  1:58  SCV  
  21  2:04  Reaper  
  22  2:12  SCV  
  23  2:20  Hellion  
  23  2:22  Starport  
  25  2:33  SCV  
  25  2:36  Reaper  
  23  2:45  SCV  
  23  2:51  Hellion  
  23  2:57  SCV  
  19  3:08  Reaper  
  19  3:09  SCV  
  20  3:14  Hellion  
  22  3:41  SCV  
  18  3:51  Starport Tech Lab  
  18  3:55  Cyclone  
  21  3:56  Barracks Reactor  
  21  3:57  SCV  
  21  4:09  Cloaking Field  
  21  4:13  Banshee  
  21  4:16  SCV  
  25  4:28  SCV  
  26  4:38  Supply Depot  
  26  4:40  SCV  
  26  4:41  Factory Tech Lab  
  27  4:54  SCV  
  27  4:56  Banshee  
  31  5:02  Siege Tank  
  31  5:06  SCV  
  35  5:10  Marine  
  36  5:15  Marine  
  36  5:20  SCV  
  38  5:25  Supply Depot  
  38  5:47  Siege Tank, Banshee  
  44  5:54  Marine x2  
  46  6:12  Marine  
  47  6:19  Supply Depot, Marine  
Show
View Real Time Build Order
Export as new Build Order

GuMiho Terran - Winner!

Build Orders:  

Get SALT Encoding   

  12  0:00  SCV  
  13  0:12  SCV  
  14  0:18  Supply Depot  
  14  0:24  SCV  
  15  0:40  Barracks  
  15  0:43  Refinery  
  15  0:47  SCV  
  16  1:01  Barracks  
  16  1:04  SCV  
  17  1:16  SCV  
  18  1:19  Refinery  
  18  1:28  Reaper  
  19  1:34  Orbital Command  
  19  1:48  Reaper  
  20  1:54  Supply Depot  
  20  2:00  Reaper, SCV  
  21  2:17  Factory, SCV  
  21  2:21  Reaper  
  23  2:29  SCV  
  24  2:34  Reaper  
  25  2:41  SCV  
  26  2:53  SCV  
  26  2:55  Reaper  
  27  3:04  Cyclone  
  27  3:05  SCV  
  31  3:06  Supply Depot  
  31  3:21  Starport  
  31  3:28  SCV  
  32  3:40  SCV  
  33  3:45  Cyclone  
  31  3:50  Command Center  
  31  3:52  SCV  
  32  3:57  Viking  
  32  4:02  Supply Depot  
  34  4:04  SCV  
  35  4:12  Barracks  
  35  4:17  Factory Tech Lab  
  35  4:20  SCV  
  36  4:27  Supply Depot  
  36  4:29  Starport Tech Lab  
  36  4:33  SCV  
  36  4:38  Siege Tank  
  40  4:45  SCV  
  41  4:51  Barracks Reactor  
  41  4:56  Engineering Bay  
  41  4:57  SCV  
  41  4:59  Marine  
  43  5:00  Barracks Reactor  
  43  5:07  Orbital Command  
  43  5:13  Starport Reactor  
  43  5:17  Marine, Refinery  
  43  5:18  SCV  
  45  5:26  Missile Turret  
  45  5:28  Marine  
  46  5:29  Marine  
  46  5:32  SCV  
  46  5:34  SCV  
  49  5:40  Marine  
  49  5:41  Marine  
  50  5:44  Marine  
  50  5:48  Marine  
  46  5:57  Missile Turret  
  46  6:03  SCV x2  
  47  6:05  Marine x2  
  47  6:07  Marine  
  47  6:08  Marine  
  51  6:18  SCV  
  51  6:19  SCV  
  53  6:30  SCV  
  53  6:31  SCV  

Tags
 
Add a new tag
Caveats
  • Supply blocks, unpowered buildings, or Contaminate may cause inaccurate times.
  • Supply counts are checked every 10 seconds.